 Dungeon Crawl Stone Soup version 0.29-a0-384-g6960b1960d (webtiles) character file.

Game seed: 13239096686822637461

3113 quokkamancerX the Carver (level 9, -5/79 HPs)
             Began as a Merfolk Gladiator on May 7, 2022.
             Was a Follower of Uskayaw.
             Slain by a hornet (12 damage)
             ... on level 8 of the Dungeon.
             The game lasted 00:52:58 (8966 turns).

quokkamancerX the Carver (Merfolk Gladiator)        Turns: 8966, Time: 00:52:58

Health: -5/79      AC: 10    Str: 14    XL:     9   Next: 91%
Magic:  18/18      EV: 30    Int:  7    God:    Uskayaw [*.....]
Gold:   432        SH:  0    Dex: 20    Spells: 8/8 levels left

rFire   . . .      SeeInvis .   a - +0 long sword (elec)
rCold   . . .      Faith    .   (no shield)
rNeg    . . .      Spirit   .   m - +0 scale mail
rPois   .          Reflect  .   c - +0 helmet
rElec   .          Harm     .   v - +0 cloak
rCorr   .          Rampage  .   I - +0 pair of gloves
Will    .....                   z - +0 pair of boots
Stlth   ..........              n - amulet of the acrobat
HPRegen 0.23/turn               k - +4 ring of evasion
MPRegen 0.16/turn               b - ring of magical power

@: lethally poisoned (-5 -> -7), acrobatic
A: (nimble swimmer 2), mertail
a: Renounce Religion, Stomp


You were on level 8 of the Dungeon.
You worshipped Uskayaw.
Uskayaw was noncommittal.
You visited 1 branch of the dungeon, and saw 8 of its levels.
You also visited: Sewer.

You collected 432 gold pieces.

Inventory:

Hand Weapons
 a - a +0 long sword of electrocution (weapon)
Missiles
 d - a throwing net (quivered)
 e - 7 javelins
Armour
 c - a +0 helmet (worn)
 m - a +0 scale mail (worn)
 v - a +0 cloak (worn)
 z - a +0 pair of boots (worn)
 I - a +0 pair of gloves (worn)
Jewellery
 b - a ring of magical power (right hand)
 k - a +4 ring of evasion (left hand)
 n - an amulet of the acrobat (around neck)
 K - a ring of positive energy
 L - an amulet of reflection
Wands
 y - a wand of iceblast (15)
 C - a wand of polymorph (12)
 D - a wand of paralysis (6)
 H - a wand of acid (9)
Scrolls
 h - 5 scrolls of teleportation
 j - 2 scrolls of amnesia
 o - a scroll of fear
 r - 2 scrolls of magic mapping {unknown}
 w - 2 scrolls of brand weapon
 A - a scroll of fog {unknown}
 B - a scroll of enchant weapon {unknown}
 E - a scroll of enchant armour {unknown}
 G - a scroll of blinking {unknown}
 J - a scroll of immolation {unknown}
Potions
 f - a potion of invisibility
 g - a potion of might
 l - a potion of ambrosia
 p - a potion of mutation {unknown}
 s - a potion of curing
 t - a potion of heal wounds
 u - a potion of haste
 x - 5 potions of flight
 F - a potion of brilliance


   Skills:
 + Level 10.7 Fighting
 + Level 11.9 Long Blades
 - Level 2.0 Throwing
 - Level 4.0 Dodging


You had 8 spell levels left.
You didn't know any spells.
Your spell library contained the following spells:

 Spells                   Type           Power      Damage    Failure   Level
 Animate Skeleton         Necr           0%         N/A       91%         1
 Apportation              Tloc           0%         N/A       91%         1
 Magic Dart               Conj           0%         1d3       91%         1
 Summon Small Mammal      Summ           0%         N/A       91%         1
 Call Imp                 Summ           0%         N/A       97%         2
 Mephitic Cloud           Conj/Pois/Air  0%         N/A       99%         3
 Airstrike                Air            0%         N/A       100%        4
 Summon Lightning Spire   Summ/Air       0%         N/A       100%        4
 Lightning Bolt           Conj/Air       0%         1d11      100%        5


Dungeon Overview and Level Annotations

Branches:
Dungeon (8/15)             Temple (0/1) D:7           Sewer (visited)
   Lair: D:8-11

Altars:
Elyvilon
Okawaru
Qazlal
Uskayaw
Vehumet

Shops:
D:6 (


Innate Abilities, Weirdness & Mutations

((You are very nimble when in or above water. (Stealth+, EV+, Speed+++)))
Your lower body shifts to a powerful aquatic tail in water.


Message History

You feel yourself slow down.
You feel better.
You feel yourself speed up. The hornet stings you.
You are poisoned.
You suddenly lose the ability to move!
The hornet stings you but does no damage.
The hornet stings you!
* * * LOW HITPOINT WARNING * * *
You shrug off the repeated paralysis!
You feel very sick.
The hornet stings you but does no damage.
You feel sick. The hornet stings you!
* * * LOW HITPOINT WARNING * * *
You feel yourself slow down.
The hornet stings you but does no damage.
You can move again.
Okay, then.
Okay, then.
You feel much better.
You feel yourself speed up.
You feel sick. The hornet stings you!
* * * LOW HITPOINT WARNING * * *
You are lethally poisoned!
You feel yourself slow down.
The hornet stings you but does no damage.
You feel better. The hornet stings you!
* * * LOW HITPOINT WARNING * * *
You are poisoned.
You feel as though you will be slow longer.
The hornet closely misses you.
You feel very sick. The hornet barely misses you.
You feel sick.
The hornet stings you but does no damage.
The hornet misses you.
You feel yourself speed up.
You feel sick. The hornet closely misses you.
The hornet attacks as you move away! The hornet stings you!
You die...

#....##.......#
#....#........#
.####....#........#
.......).......#
#.###....#.....#
..............+
#.#####.#.....#+#####
# #.#...........#
###@#####.......#
#..y..# #.......#
#.....# ###.#####
#.!...# #.# #.....#
#.# # .......# #.# #
##..(...# #.# #
#..#.### #.# ..(..#
#.#


You could see a hornet.

Vanquished Creatures
  Maurice (D:8)
  A wyvern (D:7)
  2 steam dragons
  A water moccasin (D:6)
  2 ice beasts (D:6)
  An ogre (D:6)
  A centaur (D:7)
  2 phantoms
  4 bullfrogs
  8 scorpions (D:5)
  A howler monkey (D:7)
  4 hounds
  2 orc priests (D:6)
  3 jellies
  2 gnoll shamans
  Crazy Yiuf (D:6)
  Terence (D:2)
  5 iguanas
  2 orc wizards (D:3)
  A merfolk siren (Sewer)
  A merfolk avatar (Sewer)
  11 gnolls
  14 adders
  4 white imps
  An ufetubus (D:6)
  2 worms
  A dart slug (D:3)
  13 orcs
  9 endoplasms
  13 giant cockroaches
  7 goblins
  7 hobgoblins
  6 jackals
  10 kobolds
  A quokka (D:4)
  12 ball pythons
  9 bats
  8 frilled lizards
  26 rats
200 creatures vanquished.

Notes
Turn   | Place    | Note
-------+----------+-------------------------------------------
     0 | D:1      | quokkamancerX the Merfolk Gladiator began the quest for the
                  | Orb.
     0 | D:1      | Reached XP level 1. HP: 16/16 MP: 1/1
    37 | D:1      | Reached skill level 4 in Long Blades
    37 | D:1      | Reached XP level 2. HP: 19/23 MP: 2/2
   421 | D:1      | Reached XP level 3. HP: 29/29 MP: 3/3
  1250 | D:2      | Found a hide-covered altar of Uskayaw.
  1293 | D:2      | Reached XP level 4. HP: 23/36 MP: 4/4
  1874 | D:2      | Reached skill level 5 in Long Blades
  2037 | D:2      | Noticed Terence
  2049 | D:2      | Killed Terence
  2622 | D:2      | Became a worshipper of Uskayaw the Reveller
  2756 | D:3      | Reached * piety under Uskayaw
  2864 | D:3      | Reached XP level 5. HP: 41/42 MP: 5/5
  3020 | D:3      | Identified the +9 flail "Tiaprudakk" {drain, Fragile rF+
                  | rN+ Dex+4}
  3067 | D:3      | Reached ** piety under Uskayaw
  3072 | D:3      | Reached *** piety under Uskayaw
  3076 | D:3      | Reached **** piety under Uskayaw
  3999 | D:4      | Reached skill level 6 in Long Blades
  4012 | D:3      | Reached skill level 5 in Fighting
  4012 | D:3      | Reached XP level 6. HP: 38/51 MP: 6/6
  4937 | D:5      | Entered Level 5 of the Dungeon
  5048 | D:5      | Reached XP level 7. HP: 51/57 MP: 7/7
  5120 | D:5      | Found a runed translucent door.
  5130 | D:5      | Reached skill level 7 in Long Blades
  5307 | D:5      | Found a glowing drain.
  5316 | Sewer    | Entered a sewer
  5890 | D:5      | Found a runed translucent door.
  5927 | D:5      | Reached skill level 8 in Long Blades
  5937 | D:5      | Reached XP level 8. HP: 66/67 MP: 8/8
  5937 | D:5      | Reached ***** piety under Uskayaw
  6174 | D:6      | Reached skill level 9 in Long Blades
  6568 | D:6      | Found a runed translucent door.
  6569 | D:6      | Noticed Crazy Yiuf
  6576 | D:6      | Killed Crazy Yiuf
  6977 | D:6      | Reached skill level 10 in Long Blades
  7117 | D:6      | Reached XP level 9. HP: 71/75 MP: 9/9
  7235 | D:6      | Found Buigauq's Antique Weapon Shop.
  7972 | D:7      | Found a radiant altar of Vehumet.
  7972 | D:7      | Found a white marble altar of Elyvilon.
  7979 | D:7      | Found a faded altar of an unknown god.
  7981 | D:7      | Found a faded altar of an unknown god.
  7983 | D:7      | Found a stormy altar of Qazlal.
  8140 | D:7      | Found an iron altar of Okawaru.
  8152 | D:7      | Found a staircase to the Ecumenical Temple.
  8199 | D:7      | Reached skill level 11 in Long Blades
  8226 | D:6      | Reached skill level 10 in Fighting
  8917 | D:8      | Noticed Maurice
  8926 | D:8      | Killed Maurice
  8941 | D:8      | Noticed a hornet
  8954 | D:8      | Paralysed by a hornet for 1 turns
  8958 | D:8      | Paralysed by a hornet for 3 turns
  8960 | D:8      | HP: 3/79 [hornet (12)]
  8966 | D:8      | Slain by a hornet

Illustrated notes

Levels and vault maps discovered:
D:1:      elethiomel_arrival_shortcut, layout_loops_ring
D:2:      layout_basic, basic_altar, uniq_terence
D:3:      layout_loops_ring, nicolae_elevator_lobby_plus
D:4:      layout_cave_pools
D:5:      lemuel_insect_pit, layout_rooms, portal_sewer_entry_a,
          minmay_misc_feat_four_crosses, kennysheep_generic_room_9
D:6:      layout_loops_corners, serial_shops, shop, uniq_crazy_yiuf_cottage
D:7:      layout_gridville, chequers_temple_overflow_minitemple,
          mainiacjoe_overflow_boulevard, temple_fountains, minivault_23,
          minmay_fractal_squares_diagonal_5
D:8:      layout_basic, uniq_maurice

Skill      XL: |  1  2  3  4  5  6  7  8  9 |
---------------+----------------------------+-----
Long Blades    | 4 5 6 8 10 11 | 11.9
Fighting       | 3 4 5 7 8 10 | 10.7
Throwing       | |  2.0
Dodging        | |  4.0

Action                   |  1- 3 |  4- 6 |  7- 9 || total
-------------------------+-------+-------+-------++-------
Melee: Long sword        |    75 |   231 |   295 ||   601
       Punch             |       |     2 |     1 ||     3
       Tailslap          |       |       |     2 ||     2
Throw: Throwing net      |     4 |       |     2 ||     6
       Javelin           |     2 |     8 |     2 ||    12
       Dart              |       |       |     2 ||     2
Invok: Stomp             |       |     2 |     2 ||     4
       Line Pass         |       |       |     2 ||     2
Evoke: Wand              |       |       |     3 ||     3
  Use: Scroll            |       |     4 |     8 ||    12
       Potion            |       |       |     3 ||     3
 Stab: Sleeping          |     2 |     1 |       ||     3
       Paralysed         |       |     2 |    13 ||    15
       Held in net/web   |       |       |     1 ||     1
Armor: Leather armour    |    24 |     3 |       ||    27
       Ring mail         |       |    15 |       ||    15
       Scale mail        |       |    53 |    96 ||   149
Dodge: Dodged            |    50 |   155 |   250 ||   455

Table legend: (Time is in decaauts)
 A = Elapsed time spent in this place.
 B = Non-inter-level travel time spent in this place.
 C = Inter-level travel time spent in this place.
 D = Time resting spent in this place.
 E = Time spent auto-exploring this place.
 F = Levels seen in this place.
 G = Mean time per level.
                   A        B        C        D        E       F      G
               +--------+--------+--------+--------+--------+-----+--------+
         Total |   8908 |   8532 |    376 |   1295 |   4792 |   9 |  989.8 |
       Dungeon |   8532 |   8156 |    376 |   1295 |   4617 |   8 | 1066.5 |
         Sewer |    376 |    376 |      0 |      0 |    174 |   1 |  376.0 |
               +--------+--------+--------+--------+--------+-----+--------+

Top non-repeatable levels by time:
     D:2: 1817 daAuts
     D:6: 1791 daAuts
     D:3: 1365 daAuts
     D:1: 923 daAuts
     D:7: 906 daAuts
     D:4: 875 daAuts
     D:5: 741 daAuts
   Sewer: 376 daAuts
     D:8: 112 daAuts
